 Dungeon Crawl Stone Soup version 0.28.0-53-g5a82cb258f (webtiles) character file.

Game seed: 9811529801967864223

18 GigaChad the Slasher (level 2, 22/26 HPs)
             Began as a Minotaur Gladiator on Aug 21, 2022.
             Got out of the dungeon alive.
             The game lasted 00:01:22 (230 turns).

GigaChad the Slasher (Minotaur Gladiator)            Turns: 230, Time: 00:01:22

Health: 22/26      AC:  3    Str: 18    XL:     2   Next: 48%
Magic:  1/1        EV: 12    Int:  5    God:
Gold:   6          SH:  0    Dex: 11    Spells: 1/1 levels left

rFire   . . .      SeeInvis .   a - +0 long sword
rCold   . . .      Faith    .   (no shield)
rNeg    . . .      Spirit   .   b - +0 leather armour
rPois   .          Reflect  .   c - +0 hat
rElec   .          Harm     .   (no cloak)
rCorr   .          Rampage  .   (no gloves)
Will    .....                   (no boots)
Stlth   +.........              (no amulet)
HPRegen 0.08/turn               (no ring)
MPRegen 0.07/turn               (no ring)

@: no status effects
A: horns 2, retaliatory headbutt
a: no special abilities


You escaped.
You visited 1 branch of the dungeon, and saw 1 of its levels.

You collected 6 gold pieces.

Inventory:

Hand Weapons
 a - a +0 long sword (weapon)
Missiles
 d - 3 throwing nets (quivered)
Armour
 b - a +0 leather armour (worn)
 c - a +0 hat (worn)


   Skills:
 + Level 3.0 Fighting
 + Level 4.0 Long Blades
 + Level 2.0 Throwing
 + Level 3.6 Dodging


You had one spell level left.
You didn't know any spells.
Your spell library was empty.

Dungeon Overview and Level Annotations

Branches:
Dungeon (1/15)

Altars:


Innate Abilities, Weirdness & Mutations

You have a pair of horns on your head.
You reflexively headbutt those who attack you in melee.


Message History

The giant cockroach closely misses you. The endoplasm closely misses you.
The giant cockroach bites you but does no damage.
You completely miss the giant cockroach.
The endoplasm barely misses you. The giant cockroach misses you.
You hit the giant cockroach but do no damage.
The endoplasm freezes you.
You are frozen.
The giant cockroach bites you but does no damage.
The endoplasm barely misses you. You furiously retaliate!
You headbutt the endoplasm!
You kill the endoplasm!
You slash the giant cockroach!
You kill the giant cockroach!
Your Fighting skill increases to level 3!
You see here a giant cockroach corpse.
You open the door.
Found a short sword.
There is an open door here.
As you open the door, it creaks loudly!
A kobold comes into view. It is wielding a +0 short sword.
The kobold shouts!
The kobold throws a stone.
The stone misses you.
Found a stone staircase leading down.
The kobold throws a stone.
The stone hits you but does no damage.
There is an open door here.
Found 6 gold pieces.
The kobold hits you with a +0 short sword.
The kobold misses you.
You closely miss the kobold. You headbutt the kobold.
You kill the kobold!
Things that are here:
a +0 short sword; a stone; a kobold corpse
There is a stone staircase leading down here.
You now have 6 gold pieces.
You open the door.
There is an open door here.
There is a staircase leading out of the dungeon here.
You can't go down here!
Are you sure you want to leave the Dungeon?
This will make you lose the game!
You have escaped!

#.........# #.#
#.........# #.#
###'####### #.#
####.####
#.###..#.#..##
#.##.#.#.#.#.#
#.##..#...#..#
#########.####.....####
..........'.....@.....+
##############.....####
#..#...#..# #.#.#.#.#.#
##..#.#..## ####.####
#+#


There were no monsters in sight!

Vanquished Creatures
  2 endoplasms (D:1)
  A giant cockroach (D:1)
  A goblin (D:1)
  A hobgoblin (D:1)
  4 jackals (D:1)
  A quokka (D:1)
  2 ball pythons (D:1)
  A bat (D:1)
  A kobold (D:1)
  A rat (D:1)
15 creatures vanquished.

Notes
Turn   | Place    | Note
-------+----------+-------------------------------------------
     0 | D:1      | GigaChad the Minotaur Gladiator began the quest for the
                  | Orb.
     0 | D:1      | Reached XP level 1. HP: 18/18 MP: 0/0
   119 | D:1      | Reached XP level 2. HP: 21/25 MP: 1/1
   127 | D:1      | Reached skill level 4 in Long Blades
   230 | D:$      | Got out of the dungeon alive.

Illustrated notes

Levels and vault maps discovered:
D:1:      nzn_arrival_crosshair, layout_basic

Skill      XL: |  1  2 |
---------------+-------+-----
Long Blades    | 4 |  4.0
Fighting       | 3 |  3.0
Throwing       | |  2.0
Dodging        | |  3.6

Action                   || total
-------------------------++-------
Melee: Long sword        ||    25
       Headbutt          ||     3
Armor: Leather armour    ||    13
Dodge: Dodged            ||    31
